 Dungeon Crawl Stone Soup version 0.29-a0-920-g5d2155ec51 (webtiles) character file.

Game seed: 8308309134460151288

3024 Ajdolov the Basher (level 9, -4/61 (64) HPs)
             Began as a Vine Stalker Fighter on July 27, 2022.
             Was a Follower of the Shining One.
             Slain by a hornet (11 damage)
             ... on level 7 of the Dungeon.
             The game lasted 00:11:01 (6925 turns).

Ajdolov the Basher (Vine Stalker Fighter)           Turns: 6925, Time: 00:11:02

HP:   -4/61 (64)    AC: 24    Str: 24    XL:     9   Next: 85%
MP:   0/12          EV:  2    Int:  8    God:    the Shining One [*.....]
Gold: 302           SH:  4    Dex: 13    Spells: 8/8 levels left

rFire   . . .      SeeInvis .   H - +3 whip
rCold   . . .      Faith    .   c - +0 buckler
rNeg    . . .      Spirit   +   (body armour currently unavailable)
rPois   +          Reflect  .   (helmet currently unavailable)
rElec   .          Harm     .   (cloak currently unavailable)
rCorr   .          Rampage  .   (gloves currently unavailable)
Will    +....      NoTele   +   (boots currently unavailable)
Stlth   +.........              (no amulet)
HPRegen 1.00/turn               y - +4 ring of evasion
MPRegen 0.13/turn               B - ring of poison resistance

@: tree-form (expiring), glowing, lightly drained
A: stationary, stasis, torment immunity, boosted hp, (fangs 3), regeneration 1,
magic shield, (antimagic bite), no potion heal 2
a: Renounce Religion, Divine Shield


You were on level 7 of the Dungeon.
You worshipped the Shining One.
The Shining One was aware of your devotion.
You were a tree.
You visited 2 branches of the dungeon, and saw 8 of its levels.

You collected 477 gold pieces.
You spent 175 gold pieces at shops.

Inventory:

Hand Weapons
 H - a +3 whip (weapon)
Missiles
 G - a throwing net (quivered)
Armour
 c - a +0 buckler (worn)
 l - a +0 helmet (melded)
 s - a +0 pair of gloves (melded)
 w - a +0 cloak (melded)
 A - a +0 plate armour (melded)
Jewellery
 k - a ring of resist corrosion
 y - a +4 ring of evasion (left branch)
 B - a ring of poison resistance (right branch)
Wands
 q - a wand of mindburst (25)
 r - a wand of flame (32)
 D - a wand of light (1)
 E - a wand of charming (9)
Scrolls
 b - 4 scrolls of amnesia
 d - a scroll of immolation {unknown}
 f - 5 scrolls of vulnerability
 i - 3 scrolls of magic mapping {unknown}
 j - a scroll of butterflies {unknown}
 p - 5 scrolls of teleportation
 t - a scroll of silence {unknown}
 u - 2 scrolls of blinking
 x - a scroll of poison {unknown}
 z - a scroll of brand weapon {unknown}
 C - a scroll of torment {unknown}
Potions
 g - 5 potions of curing
 h - 3 potions of attraction
 m - a potion of invisibility {unknown}
 n - a potion of lignification
 o - 2 potions of degeneration
 v - 2 potions of mutation


   Skills:
 - Level 2.6 Fighting
 - Level 12.0 Maces & Flails
 - Level 2.4 Armour
 - Level 2.6 Shields
 * Level 3.1 Invocations


You had 8 spell levels left.
You didn't know any spells.
Your spell library contained the following spells:

 Spells                   Type           Power      Damage    Failure   Level
 Gell's Gravitas          Tloc           0%         N/A       86%         3
 Lesser Beckoning         Tloc           0%         N/A       86%         3
 Teleport Other           Tloc           0%         N/A       86%         3
 Passage of Golubria      Tloc           0%         N/A       99%         4
 Silence                  Hex/Air        0%         N/A       100%        5
 Lehudib's Crystal Spear  Conj/Erth      0%         10d2      100%        8


Dungeon Overview and Level Annotations

Branches:
Dungeon (7/15)             Temple (1/1) D:5

Altars:
Ashenzari
Cheibriados
Dithmenos
Elyvilon
Fedhas
Gozag
Hepliaklqana
Makhleb
Nemelex Xobeh
Okawaru
Qazlal
Ru
Sif Muna
Trog
Uskayaw
Xom
Yredelemnul
The Shining One

Shops:
D:4 (   D:5 *   D:7 (*!:?


Innate Abilities, Weirdness & Mutations

You are a tree.
Your roots penetrate the ground, keeping you stationary.
You cannot be teleported.
You are immune to unholy pain and torment.
Your maximum health is greatly increased.
Your equipment is partially melded.
((You have razor-sharp teeth.))
Your natural rate of healing is unusually fast.
When hurt, damage is shared between your health and your magic reserves.
((Your bite disrupts and absorbs the magic of your enemies.))
Potions cannot restore your health.


Message History

Okay, then.
Okay, then.
Okay, then.
Aiming: Charm
Press: ? - help, Shift-Dir - straight line, f - hound, p - cyclops
Aim: a hound (haloed, chance to affect: 57%)
The hound resists with significant effort.
You feel yourself speed up. The hornet stings you.
* * * LOW HITPOINT WARNING * * *
You are poisoned.
The howler monkey hoots and howls with incredible vigour!
The hound bites you but does no damage.
The necrophage hits you but does no damage.
The hornet stings you but does no damage.
You block the howler monkey's attack. The hound bites you but does no damage.
The cyclops throws a large rock.
The large rock closely misses the hornet.
You block the large rock.
The necrophage hits you but does no damage.
You hear an angry hiss.
You hear a shout! x5
Unknown command.
Okay, then.
Your system rejects the healing.
You feel better.
Your transformation is almost over.
You block the hornet's attack. The hound bites you but does no damage.
The howler monkey hits you but does no damage.
The necrophage hits you but does no damage.
Aiming: Mindburst
Press: ? - help, Shift-Dir - straight line, f - hornet, p - hound
Aim: a hornet (severely wounded, blind, haloed, chance to affect: 55%)
Okay, then.
Aiming: Bolt of Light
Press: ? - help, Shift-Dir - straight line, f - cyclops, p - hound
Aim: a cyclops, quivering large rocks (moderately wounded, blind, 98% to hit)
The bolt of light misses the hornet.
The bolt of light hits the cyclops!
The cyclops is heavily wounded.
You block the hound's attack. You block the howler monkey's attack.
The hornet stings you!
You die...

.#####...................##.....#
.........####.....####...########
.........#$.##...## #...# #.#
####.....#...##.##. #...# #.# #
#.....# ...#.#. ##...# #.# #
########..# .'#.#' ##...## #.# #
...[.......###..o###....# #.#
......#........8hh......# #.###
......##...###.n♣###....#####....
......##.. +#.#yC##.........##.
..######.# #.#c{.##........###
..'..# #.# ##.##...#........#
..##.# #.# ##...##.(#..#####.#
####.# #.####.....####..## #.#
#.###.................####.##
####.....#####..##.............#
.........# #.......####.......#


You could see a cyclops (blind), a hornet (blind), a necrophage, a centaur, a
howler monkey, a hound and an orc wizard.

Vanquished Creatures
  Pikel (D:6)
  4 yaks (D:7)
  2 steam dragons (D:7)
  A water moccasin (D:6)
  2 sky beasts
  A black bear (D:5)
  An ogre (D:6)
  A phantom (D:5)
  3 scorpions
  5 wights (D:6)
  A howler monkey (D:3)
  2 jellies
  A gnoll bouda (D:7)
  7 hounds
  Natasha (thrice) (D:3)
  4 iguanas
  An orc wizard (D:4)
  5 gnolls (D:7)
  9 adders
  A worm (D:2)
  3 dart slugs
  25 orcs
  6 endoplasms
  3 giant cockroaches
  8 goblins
  5 hobgoblins
  4 jackals
  A quokka (D:1)
  7 ball pythons
  4 bats
  3 frilled lizards
  6 kobolds
  3 rats (D:3)
  A butterfly (D:5)
134 creatures vanquished.

Vanquished Creatures (others)
  An orc wizard (D:4)
1 creature vanquished.

Grand Total: 135 creatures vanquished

Notes
Turn   | Place    | Note
-------+----------+-------------------------------------------
     0 | D:1      | Ajdolov the Vine Stalker Fighter began the quest for the
                  | Orb.
     0 | D:1      | Reached XP level 1. HP: 11/11 MP: 2/2
    16 | D:1      | Reached skill level 2 in Maces & Flails
    50 | D:1      | Reached XP level 2. HP: 11/16 MP: 1/3
   527 | D:1      | Found a faded altar of an unknown god.
  1157 | D:2      | Reached skill level 3 in Maces & Flails
  1358 | D:2      | Reached XP level 3. HP: 19/19 MP: 4/4
  1989 | D:2      | Gained mutation: Your natural rate of healing is unusually
                  | fast. [Vine Stalker growth]
  1989 | D:2      | Reached XP level 4. HP: 23/23 MP: 5/5
  2100 | D:2      | Found an opulent altar of Gozag.
  2132 | D:3      | Noticed Natasha
  2143 | D:3      | Reached skill level 4 in Maces & Flails
  2147 | D:3      | Killed Natasha
  2148 | D:3      | Reached XP level 5. HP: 26/27 MP: 6/6
  2391 | D:3      | Noticed Natasha
  2406 | D:3      | Killed Natasha
  2407 | D:3      | Reached skill level 5 in Maces & Flails
  2528 | D:3      | Noticed Natasha
  2544 | D:3      | Killed Natasha
  2955 | D:4      | Found Acuynnuu's Weapon Shop.
  2966 | D:4      | Reached XP level 6. HP: 32/32 MP: 7/7
  3065 | D:4      | Reached skill level 6 in Maces & Flails
  3204 | D:4      | Noticed a sky beast
  3219 | D:4      | Killed a sky beast
  3320 | D:4      | Found a broken altar of Ashenzari.
  3331 | D:4      | Identified the +0 chain mail "Efuentoi" {Str+2}
  3356 | D:4      | Reached XP level 7. HP: 30/35 MP: 6/8
  3594 | D:5      | Entered Level 5 of the Dungeon
  3594 | D:5      | Found a staircase to the Ecumenical Temple.
  3600 | Temple   | Entered the Ecumenical Temple
  3916 | D:5      | Reached skill level 7 in Maces & Flails
  3951 | D:5      | Found a glowing golden altar of the Shining One.
  3955 | D:5      | Became a worshipper of the Shining One
  4312 | D:5      | Found Itzak's Overcharged Wands.
  4334 | D:5      | Reached skill level 8 in Maces & Flails
  4585 | D:5      | Gained mutation: You have razor-sharp teeth. [Vine Stalker
                  | growth]
  4585 | D:5      | Reached XP level 8. HP: 13/39 MP: 9/9
  5335 | D:6      | Reached skill level 9 in Maces & Flails
  5969 | D:7      | Noticed Pikel
  6009 | D:6      | Reached skill level 10 in Maces & Flails
  6042 | D:6      | Killed Pikel
  6043 | D:6      | Reached skill level 11 in Maces & Flails
  6043 | D:6      | Reached XP level 9. HP: 43/43 MP: 10/10
  6147 | D:7      | Found Motu's Book Shoppe.
  6203 | D:7      | Found Deuxziedd's General Store.
  6233 | D:7      | Found a shimmering altar of Xom.
  6254 | D:7      | Reached * piety under the Shining One
  6353 | D:7      | Reached skill level 12 in Maces & Flails
  6353 | D:7      | Reached skill level 1 in Invocations
  6418 | D:7      | Found Giusukuz's Distillery.
  6555 | D:7      | Found Nuweih's Antique Weapon Emporium.
  6698 | D:7      | Found Ysauzxas's Magic Scroll Boutique.
  6704 | D:7      | Bought a scroll of blinking for 97 gold pieces
  6704 | D:7      | Bought a scroll of identify for 26 gold pieces
  6704 | D:7      | Bought a scroll of identify for 26 gold pieces
  6704 | D:7      | Bought a scroll of identify for 26 gold pieces
  6892 | D:7      | Noticed a cyclops
  6892 | D:7      | Noticed a hornet
  6909 | D:7      | Paralysed by a hornet for 3 turns
  6916 | D:7      | Paralysed by a hornet for 3 turns
  6925 | D:7      | Slain by a hornet

Illustrated notes

Levels and vault maps discovered:
D:1:      saegor_arrival_miasma, layout_loops_ring,
          shapermc_ecumenical_altar_totnotflames
D:2:      layout_loops_cross, basic_altar
D:3:      layout_basic, chequers_serial_rivers_small_a, dreamdust_wishing_well,
          uniq_natasha
D:4:      layout_basic, ashenzari_altar_1, serial_shops, shop
D:5:      layout_basic, mainiacjoe_overflow_24_doors,
          minmay_temple_entry_butterflies, nicolae_shop_overcharged_wands
D:6:      layout_basic, serial_co_window_serial, co_window_paths_a,
          co_window_paths_b, co_window_paths_a, co_window_corner_a,
          co_window_cross_1, co_window_corner_a, co_window_corner_a,
          co_window_paths_c, co_window_2corner, co_window_corner_b,
          co_window_broadway_b, co_window_broadway_b,
          co_window_of_opportunity_b, co_window_corner_b, glass_columns_b,
          glass_columns_a, minmay_misc_feat_cross
D:7:      cheibrodos_barr_body, layout_basic, xom_teletrap_fun, serial_shops,
          nicolae_lakefront_shop, nicolae_stop_n_shop_2, shop,
          nicolae_shop_trees, nicolae_shop_stone, uniq_pikel
Temple:   regret_index_temple_generic_petals

Skill      XL: |  1  2  3  4  5  6  7  8  9 |
---------------+----------------------------+-----
Maces & Flails | 2 3 4 5 6 8 11 12 | 12.0
Invocations    | 3 |  3.1
Fighting       | |  2.6
Armour         | |  2.4
Shields        | |  2.6

Action                   |  1- 3 |  4- 6 |  7- 9 || total
-------------------------+-------+-------+-------++-------
Melee: Flail             |    13 |       |       ||    13
       Bite              |    25 |    29 |   104 ||   158
       Whip              |    95 |   163 |   313 ||   571
Evoke: Wand              |       |     4 |     7 ||    11
  Use: Potion            |       |     2 |     2 ||     4
       Scroll            |       |       |     7 ||     7
Armor: Scale mail        |    46 |    42 |       ||    88
       Plate armour      |       |     1 |   102 ||   103
       Skin              |       |       |    45 ||    45
Dodge: Dodged            |    48 |    50 |    93 ||   191
Block: Buckler           |    17 |    16 |    51 ||    84

Table legend: (Time is in decaauts)
 A = Elapsed time spent in this place.
 B = Non-inter-level travel time spent in this place.
 C = Inter-level travel time spent in this place.
 D = Time resting spent in this place.
 E = Time spent auto-exploring this place.
 F = Levels seen in this place.
 G = Mean time per level.
                   A        B        C        D        E       F      G
               +--------+--------+--------+--------+--------+-----+--------+
         Total |   6841 |   6594 |    247 |     15 |   5310 |   8 |  855.1 |
       Dungeon |   6622 |   6402 |    220 |     15 |   5127 |   7 |  946.0 |
        Temple |    218 |    191 |     27 |      0 |    183 |   1 |  218.0 |
               +--------+--------+--------+--------+--------+-----+--------+

Top non-repeatable levels by time:
     D:6: 1169 daAuts
     D:1: 1111 daAuts
     D:2: 1018 daAuts
     D:7: 913 daAuts
     D:5: 880 daAuts
     D:3: 838 daAuts
     D:4: 689 daAuts
  Temple: 218 daAuts
